AoeStats
← Pwncakes

Oasis

508960275Analyzed
2v2 RM · 7d ago on Sep 24, 2026· 44m 36s· 4 players
Game mode
Random Map
Map size
Medium (4 player)
Population
200
Speed
Normal
Resources
Standard
Victory
Conquest
Starting age
Dark Age
Ending age
Imperial Age
RankedLock teamsTeams togetherTeam positionsShared explorationLock speedFull tech treeHidden civsTurbo modeCheats
Victory
Defeat
🇪🇸 Franks · Spain
1427
+16
🇪🇸 Malians · Spain
1393
+17
🇺🇸 Varangians · United States
1446
-17
🇩🇪 Poles · Germany
1408
-16
faensi
10:49 Feudal Age
14:22 Castle Age
13:40 Double-Bit Axe
14:24 Horse Collar
16:35 Heavy Plow
20:01 Loom
20:53 Wheelbarrow
21:14 Gold Mining
21:16 Stone Mining
23:42 Town Watch
26:18 Hand Cart
30:08 Imperial Age
28:30 Scale Barding Armor
29:12 Forging
30:05 Chain Barding Armor
30:23 Bloodlines
30:13 Husbandry
29:34 Light Cavalry
32:09 Masonry
32:47 Winged Hussar
35:02 Gold Mining
35:51 Siege Engineers
38:52 Lechitic Legacy
40:16 Iron Casting
39:03 Cavalier
39:39 Fletching
40:13 Elite Obuch
41:14 Conscription
40:58 Fletching
41:08 Padded Archer Armor
42:21 Chemistry
41:41 Ballistics
42:04 Thumb Ring
41:21 Crossbowman
42:07 Bodkin Arrow
43:02 Crop Rotation
42:16 Arbalester
43:24 Bracer
44:25 Leather Archer Armor
Pwncakes
5:33 Loom
7:29 Loom
10:42 Feudal Age
15:56 Castle Age
14:10 Scale Barding Armor
14:21 Double-Bit Axe
16:03 Bloodlines
18:23 Horse Collar
20:13 Bow Saw
22:10 Heavy Plow
23:38 Forging
23:40 Stone Mining
24:39 Wheelbarrow
27:09 Hand Cart
30:46 Imperial Age
28:17 Husbandry
28:12 Gold Mining
30:10 Chain Barding Armor
30:20 Vendel Legacy
31:27 Cavalier
33:03 Conscription
33:19 Plate Barding Armor
33:27 Iron Casting
36:22 Elite Jarl
36:39 Elite Jarl
38:22 Blast Furnace
39:02 Fletching
41:22 Bodkin Arrow
Fugi
11:42 Feudal Age
12:35 Double-Bit Axe
13:19 Loom
15:48 Castle Age
17:24 Bow Saw
17:51 Stone Mining
27:03 Wheelbarrow
26:15 Town Watch
26:36 Gold Mining
29:56 Imperial Age
27:42 Scale Barding Armor
27:47 Forging
28:54 Chain Barding Armor
29:11 Hand Cart
29:33 Gold Shaft Mining
30:54 Iron Casting
30:21 Husbandry
31:34 Plate Barding Armor
30:20 Cavalier
30:22 Light Cavalry
31:27 Conscription
31:03 Onager
33:22 Blast Furnace
32:21 Paladin
35:52 Scale Mail Armor
36:36 Hoardings
36:11 Fletching
36:21 Padded Archer Armor
37:26 Chain Mail Armor
37:07 Bodkin Arrow
Hercules
11:04 Feudal Age
16:19 Castle Age
14:38 Double-Bit Axe
16:51 Loom
18:22 Bow Saw
18:04 Gold Mining
21:50 Stone Mining
29:36 Imperial Age
28:15 Wheelbarrow
27:57 Horse Collar
28:39 Heavy Plow
33:55 Sappers
34:28 Fletching
36:22 Scale Barding Armor
37:02 Conscription
37:30 Chain Barding Armor
37:20 Forging
39:32 Heavy Camel Rider
40:49 Plate Barding Armor
41:54 Farimba
43:15 Iron Casting
43:34 Hand Cart
43:55 Bloodlines
43:46 Husbandry
44:25 Light Cavalry
Connection lost

Rejoining the realm…

Still unreachable

The connection could not be restored.

Session expired

The server has moved on; the page needs a fresh start.